 Dungeon Crawl Stone Soup version 0.29-a0-231-g945431f764 (webtiles) character file.

Game seed: 11041955113588425236

151 Hubris850 the Insei (level 5, -2/37 HPs)
             Began as a Merfolk Transmuter on Feb 28, 2022.
             Killed from afar by Sigmund (7 damage)
             ... with a magic dart
             ... on level 3 of the Dungeon.
             The game lasted 00:07:17 (2580 turns).

Hubris850 the Insei (Merfolk Transmuter)            Turns: 2580, Time: 00:07:17

Health: -2/37      AC:  2    Str: 10    XL:     5   Next: 33%
Magic:  6/9        EV: 22    Int: 22    God:
Gold:   52         SH:  0    Dex: 26    Spells: 5/9 levels left

rFire   . . .      SeeInvis .     - Unarmed
rCold   + . .      Faith    .   (shield currently unavailable)
rNeg    . . .      Spirit   .   (body armour currently unavailable)
rPois   .          Reflect  .   (helmet currently unavailable)
rElec   .          Harm     .   (cloak currently unavailable)
rCorr   .          Rampage  .   (gloves currently unavailable)
Will    .....                   (boots currently unavailable)
Stlth   ++........              (no amulet)
HPRegen 0.12/turn               j - ring of poison resistance
MPRegen 0.11/turn               u - ring of Kikubaaqudgha's Grace {rC+ Int+8 Dex+6}

@: spider-form
A: venomous fangs, tiny, (nimble swimmer 2), (mertail)
a: End Transformation


You were on level 3 of the Dungeon.
You were a venomous arachnid creature.
You visited 1 branch of the dungeon, and saw 3 of its levels.

You collected 152 gold pieces.
You spent 100 gold pieces at shops.

Inventory:

Hand Weapons
 m - a +0 dagger of venom
Missiles
 h - a throwing net
 n - 3 poisoned darts
 y - 2 javelins
Armour
 a - a +0 robe (melded)
 i - a +0 chain mail
 r - a +0 cloak (melded)
 t - a +0 helmet (melded)
Jewellery
 j - a ring of poison resistance (left front leg)
 l - an amulet of regeneration
 u - the ring of Kikubaaqudgha's Grace (right front leg) {rC+ Int+8 Dex+6}
   (You bought it in a shop on level 1 of the Dungeon)

   [ring of dexterity]

   Int:       It affects your intelligence (+8).
   Dex:       It affects your dexterity (+6).
   rC:        It protects you from cold.
Scrolls
 c - 3 scrolls of identify {unknown}
 g - a scroll of teleportation {unknown}
 o - a scroll of acquirement {unknown}
 p - a scroll of brand weapon {unknown}
 q - a scroll of fear {unknown}
 s - 2 scrolls of magic mapping {unknown}
 x - a scroll of fog {unknown}
Potions
 b - a potion of brilliance {unknown}
 d - 2 potions of degeneration {unknown}
 e - a potion of ambrosia {unknown}
 f - 2 potions of berserk rage {unknown}
 k - a potion of attraction {unknown}
 v - 2 potions of haste {unknown}
 w - a potion of heal wounds {unknown}
 z - 3 potions of lignification {unknown}


   Skills:
 - Level 1.1 Fighting
 - Level 3.0 Dodging
 - Level 5.0 Unarmed Combat
 + Level 2.7 Spellcasting
 + Level 3.7 Transmutations
 + Level 1.9 Poison Magic


You had 5 spell levels left.
You knew the following spells:

 Your Spells              Type           Power      Damage    Failure   Level
a - Beastly Appendage     Tmut           38%        N/A       10%         1
b - Spider Form           Tmut/Pois      15%        N/A       28%         3

Your spell library contained the following spells:

 Spells                   Type           Power      Damage    Failure   Level
 Sting                    Tmut/Pois      60%        1d6       13%         1
 Wereblood                Tmut           19%        N/A       13%         2
 Poisonous Vapours        Pois/Air       14%        N/A       30%         2
 Olgreb's Toxic Radiance  Pois           11%        N/A       71%         4
 Ice Form                 Ice/Tmut       11%        N/A       73%         4


Dungeon Overview and Level Annotations

Branches:
Dungeon (3/15)

Altars:
Wu Jian

Shops:
D:1 ?[*   D:2 (

Annotations:
D:3 Sigmund


Innate Abilities, Weirdness & Mutations

You are a venomous arachnid creature.
You have poisonous fangs.
You are tiny and dextrous.
Your spellcasting is less reliable in this form.
Your armour is entirely melded.
You are incapable of wielding weapons or throwing items.
((You are very nimble when in or above water. (Stealth+, EV+, Speed+++)))
((Your lower body shifts to a powerful aquatic tail in water.))


Message History

Found a long sword and 13 gold pieces.
Found a stone staircase leading up.
Sigmund the Dreaded comes into view.
He is wielding a +0 scythe.
Found 8 gold pieces.
Sigmund closely misses you. Sigmund gestures at you while chanting.
You are confused.
Your transformation is almost over.
Sigmund misses you. Sigmund gestures at you while chanting.
The puff of flame hits you!
Sigmund mumbles some strange words.
Sigmund flickers and vanishes!
Deactivating autopickup; reactivate with Ctrl-A.
You're too confused to move!
Something completely misses you. Something misses you.
You closely miss something.
You feel less confused. Something barely misses you.
Your transformation has ended.
Your +0 cloak unmelds from your body.
Your +0 helmet unmelds from your body.
Your +0 robe unmelds from your body.
Something hits you.
You hit something but do no damage.
Casting: Spider Form (dangerous; 12% risk of failure)
Confirm with . or Enter, or press ? or * to list all spells.
You turn into a venomous arachnid creature.
Your +0 cloak melds into your body.
Your +0 helmet melds into your body.
Your +0 robe melds into your body.
Something hits you!
* * * LOW HITPOINT WARNING * * *
You hit something. Something barely misses you.
You barely miss something. You barely miss something. Something misses you.
You hit something but do no damage. You closely miss something.
Something barely misses you.
You hit something. Something misses you.
You see here an adder corpse.
You hear some strange, mumbled words.
Something tries to affect you, but you resist.
A magic dart appears from out of thin air!
The magic dart hits you!
You die...

..#....... #)#$..<...
#......... #..#..$..#
.. #.....# #.#. ####
#.....# #.#.. <.#
#.#.#.# ##.#.###.#
#.#.# ..
#....#..s######.#.#
#..
#....#.##..†{.....# .
#....#...............#
#.....##...........#.#
#.....###..........#
..
#..................#
#...#..............#
#.
#...####...........#
#...
#......#.#########.#


There were no monsters in sight!

Vanquished Creatures
  A scorpion (D:2)
  Robin (D:2)
  2 adders (D:3)
  A dart slug (D:3)
  6 ball pythons
  3 endoplasms
  15 goblins
  9 hobgoblins
  7 kobolds
  5 quokkas
  4 bats
  A frilled lizard (D:1)
  5 rats
60 creatures vanquished.

Vanquished Creatures (others)
  A plant (D:2)
1 creature vanquished.

Grand Total: 61 creatures vanquished

Notes
Turn   | Place    | Note
-------+----------+-------------------------------------------
     0 | D:1      | Hubris850 the Merfolk Transmuter began the quest for the
                  | Orb.
     0 | D:1      | Reached XP level 1. HP: 15/15 MP: 3/3
   330 | D:1      | Reached XP level 2. HP: 7/21 MP: 5/5
   527 | D:1      | Found Kaawato's Magic Scroll Shoppe.
   728 | D:1      | Reached skill level 4 in Unarmed Combat
   785 | D:1      | Found Daff's Antique Armour Emporium.
   877 | D:1      | Found Gograurgh's Assorted Antiques.
   902 | D:1      | You fall into a shaft and drop 1 floor!
   982 | D:2      | Reached XP level 3. HP: 11/26 MP: 4/6
  1753 | D:2      | Found Kissem's Antique Weapon Shoppe.
  1759 | D:2      | Noticed Robin
  1777 | D:2      | Killed Robin
  1778 | D:2      | Reached skill level 5 in Unarmed Combat
  1778 | D:2      | Reached XP level 4. HP: 30/32 MP: 7/7
  1968 | D:1      | Bought a brightly glowing turquoise ring for 100 gold
                  | pieces
  1968 | D:1      | Identified the ring of Kikubaaqudgha's Grace {rC+ Int+8
                  | Dex+6} (You bought it in a shop on level 1 of the Dungeon)
  1983 | D:1      | Learned a level 3 spell: Spider Form
  2101 | D:2      | Found an ornate altar of the Wu Jian Council.
  2296 | D:2      | Noticed a scorpion
  2303 | D:2      | Killed a scorpion
  2304 | D:2      | Reached skill level 1 in Poison Magic
  2304 | D:2      | Reached XP level 5. HP: 23/37 MP: 4/8
  2552 | D:3      | Noticed Sigmund
  2580 | D:3      | Killed from afar by Sigmund

Illustrated notes

Levels and vault maps discovered:
D:1:      erik_arrival_cave_to_civilisation [erik_arrival_cave_to_hall],
          layout_basic, serial_shops, shop_fountains, nicolae_shop_trees, shop
D:2:      minmay_general_purpose_star, layout_rooms, serial_shops,
          nicolae_shop_overgrown_old_shop, basic_altar,
          chequers_serial_rivers_micro_d, kennysheep_generic_room_16, uniq_robin
D:3:      layout_basic, serial_shops, shop, dreamdust_ecumenical_altar_grove,
          uniq_sigmund

Skill      XL: |  1  2  3  4 |
---------------+-------------+-----
Dodging        | 3 |  3.0
Unarmed Combat | 4 5 |  5.0
Transmutations | 3 |  3.7
Poison Magic   | 1 |  1.9
Fighting       | |  1.1
Spellcasting   | |  2.7

Action                   |  1- 3 |  4- 6 || total
-------------------------+-------+-------++-------
Melee: Unarmed           |    67 |    43 ||   110
       Dagger            |    56 |    21 ||    77
       Punch             |     3 |       ||     3
 Cast: Spider Form       |       |     4 ||     4
 Stab: Sleeping          |       |     1 ||     1
Armor: Robe              |     6 |     6 ||    12
       Chain mail        |    56 |    12 ||    68
Dodge: Dodged            |    51 |    55 ||   106

Table legend: (Time is in decaauts)
 A = Elapsed time spent in this place.
 B = Non-inter-level travel time spent in this place.
 C = Inter-level travel time spent in this place.
 D = Time resting spent in this place.
 E = Time spent auto-exploring this place.
 F = Levels seen in this place.
 G = Mean time per level.
                   A        B        C        D        E       F      G
               +--------+--------+--------+--------+--------+-----+--------+
         Total |   2571 |   2507 |     64 |    605 |   1299 |   3 |  857.0 |
       Dungeon |   2571 |   2507 |     64 |    605 |   1299 |   3 |  857.0 |
               +--------+--------+--------+--------+--------+-----+--------+

Top non-repeatable levels by time:
     D:2: 1256 daAuts
     D:1: 1237 daAuts
     D:3: 77 daAuts
